Map: Écho EC

Players

AgCl

  • Race: Zerg Zerg

Wolf - Winner!

  • Race: Protoss Protoss

VOD

Have the link to the VOD?

Description

Time

  • Played on: May 6, 2015, 7:50 p.m.
  • Length: 6:01
Show
View Real Time Build Order
Export as new Build Order

AgCl Zerg 

Build Orders: Pool First 

Get SALT Encoding   

  12  0:18  Spawning Pool  
  11  0:26  Drone  
  12  0:29  Drone  
  12  0:31  Drone  
  14  0:47  Overlord  
  14  0:55  Extractor  
  13  1:06  Zergling x2  
  13  1:08  Zergling x2  
  13  1:10  Zergling x2  
  16  1:22  Drone  
  17  1:41  Drone  
  17  1:42  Hatchery  
  17  1:43  Drone  
  18  1:56  Queen  
  18  1:57  Drone  
  21  2:03  Drone  
  22  2:26  Overlord x2  
  22  2:34  Burrow  
  22  2:49  Drone  
  22  2:50  Drone  
  24  3:02  Drone x2  
  24  3:03  Queen  
  28  3:16  Spine Crawler  
  28  3:17  Drone x3  
  30  3:24  Drone  
  31  3:28  Drone  
  32  3:35  Drone  
  33  3:41  Spine Crawler  
  33  3:45  Spine Crawler, Queen  
  34  4:00  Drone  
  34  4:01  Drone x3, Zergling x4  
  34  4:02  Zergling x2  
  38  4:14  Queen  
  36  4:19  Queen  
  38  4:28  Drone x5  
  37  4:40  Drone x2  
  36  4:57  Drone  
  36  4:58  Drone x2  
  36  4:59  Queen  
  37  5:07  Drone  
  37  5:09  Queen  
  36  5:20  Zergling x8  
  38  5:38  Drone x5  
Show
View Real Time Build Order
Export as new Build Order

Wolf Protoss - Winner!

Build Orders:  

Get SALT Encoding   

  12  0:03  Probe  
  13  0:15  Probe  
  13  0:17  Pylon  
  15  0:35  Probe  
  15  0:38  Gateway  
  15  0:44  Assimilator  
  15  0:47  Probe (Chrono Boost)  
  17  0:57  Probe (Chrono Boost)  
  17  1:03  Pylon  
  17  1:04  Probe  
  18  1:16  Probe  
  19  1:26  Cybernetics Core  
  19  1:29  Probe  
  19  1:30  Gateway  
  20  1:41  Probe  
  21  1:53  Probe  
  22  1:57  Pylon  
  22  2:03  Gateway  
  22  2:05  Probe  
  22  2:06  Adept (Chrono Boost)  
  25  2:17  Probe  
  25  2:22  Adept (Chrono Boost)  
  27  2:36  Adept (Chrono Boost)  
  29  2:44  Pylon  
  29  2:47  Warp Gate (Chrono Boost)  
  29  3:07  Stalker x3  
  29  3:09  Probe  
  36  3:15  Assimilator  
  36  4:22  Probe  
  31  4:35  Mothership Core, Zealot x2  
  35  4:41  Zealot  
  33  4:49  Pylon  
  33  4:58  Stalker  
  33  4:59  Stalker  
  37  5:09  Pylon  
  37  5:14  Pylon  
  37  5:17  Nexus  
  37  5:18  Adept  
  37  5:19  Pylon  
  39  5:22  Adept x2  
Tags
 
Add a new tag
Caveats
  • Supply blocks, unpowered buildings, or Contaminate may cause inaccurate times.
  • Supply counts are checked every 10 seconds.